 Dungeon Crawl Stone Soup version 0.30-a0-956-gcec3b41aec (webtiles) character file.

Game seed: 5834042095180559029

109 jasper the Digger (level 4, -1/24 HPs)
             Began as a Gargoyle Earth Elementalist on Mar 29, 2023.
             Slain by Sigmund
             ... wielding a +0 scythe
              (8 damage)
             ... on level 3 of the Dungeon.
             The game lasted 00:02:40 (2347 turns).

jasper the Digger (Gargoyle Earth Elementalist)     Turns: 2347, Time: 00:02:41

Health: -1/24      AC:  8    Str: 11    XL:     4   Next: 89%
Magic:  9/9        EV: 11    Int: 18    God:
Gold:   174        SH:  0    Dex: 10    Spells: 3/9 levels left

rFire   . . .      SeeInvis .    i - +0 mace
rCold   . . .      Faith    .    (no shield)
rNeg    + . .      Spirit   .    a - +0 robe
rPois   ∞          Reflect  .    d - +0 helmet
rElec   +          Rampage  .    (no cloak)
rCorr   .                        o - +1 pair of gloves
Will    .....                    (no boots)
Stlth   ++                       (no amulet)
HPRegen 0.24/turn                (no ring)
MPRegen 0.11/turn                (no ring)

@: no status effects
A: sickness immunity, AC +3, negative energy resistance 1, electricity
resistance, torment resistance 1, petrification resistance
a: no special abilities


You were on level 3 of the Dungeon.
You visited 1 branch of the dungeon, and saw 3 of its levels.

You collected 174 gold pieces.

Inventory:

Hand Weapons
 e - a +0 dagger
 i - a +0 mace (weapon)
Missiles
 f - 4 boomerangs
Armour
 a - a +0 robe (worn)
 d - a +0 helmet (worn)
 o - a +1 pair of gloves (worn)
Jewellery
 n - a ring of flight
 q - a ring of protection from fire
Scrolls
 c - 3 scrolls of identify
 h - a scroll of teleportation
 k - a scroll of poison
 p - a scroll of amnesia
Potions
 g - 2 potions of degeneration
 l - 2 potions of curing


   Skills:
 - Level 1.5 Dodging
 - Level 2.1 Stealth
 + Level 3.3 Spellcasting
 + Level 1.2 Conjurations
 - Level 0.7 Transmutations
 + Level 5.1 Earth Magic


You had 3 spell levels left.
You knew the following spells:

 Your Spells              Type           Power      Damage    Failure   Level
a - Sandblast             Erth           42%        2d11      1%          1
b - Passwall              Tmut/Erth      10%        N/A       7%          2
c - Stone Arrow           Conj/Erth      28%        3d8       13%         3

Your spell library contained the following spells:

 Spells                   Type           Power      Damage    Failure   Level
 Petrify                  Tmut/Erth      13%        N/A       43%         4


Dungeon Overview and Level Annotations

Branches:
Dungeon (3/15)

Altars:

Annotations:
D:3 Sigmund


Innate Abilities, Weirdness & Mutations

You are immune to sickness and miasma.
Your stone body is resilient. (AC +3)
You are immune to poison.
You resist negative energy. (rN+)
You are resistant to electric shocks. (rElec)
You are resistant to unholy torment.
You are immune to petrification.


Message History

Press: ? - help, Q - select action, (/) - cycle Shift-Dir - straight line, f - giant cockroach
Aim: a giant cockroach (83% to hit)
The blast of sand misses the giant cockroach.
The giant cockroach bites you but does no damage. x2
Sigmund closely misses you.
You now have 4/9 mp.
Aiming: Sandblast (safe; 1% risk of failure)
Press: ? - help, Q - select action, (/) - cycle Shift-Dir - straight line, f/p - giant cockroach
Aim: a giant cockroach (83% to hit)
The blast of sand hits the giant cockroach!
You kill the giant cockroach!
Sigmund closely misses you.
You now have 3/9 mp.
Okay, then.
Aiming: Sandblast (safe; 1% risk of failure)
Press: ? - help, Q - select action, (/) - cycle Shift-Dir - straight line, f - Sigmund
Aim: Sigmund, wielding a +0 scythe and wearing a +0 robe (fast, 81% to hit)
The blast of sand hits Sigmund!
Sigmund is moderately wounded.
Sigmund closely misses you. Sigmund gestures at you while chanting.
The magic dart hits you.
You take 6 damage, and have 18/24 hp.
MASSIVE DAMAGE!!
Aiming: Sandblast (safe; 1% risk of failure)
Press: ? - help, Q - select action, (/) - cycle Shift-Dir - straight line, f/p - Sigmund
Aim: Sigmund, wielding a +0 scythe and wearing a +0 robe (moderately wounded, fast, 81% to hit)
The blast of sand misses Sigmund.
Sigmund hits you from afar with a +0 scythe. x2
* * * LOW HITPOINT WARNING * * *
You take 11 damage, and have 7/24 hp.
MASSIVE DAMAGE!!
You now have 2/9 mp.
Okay, then.
Okay, then.
Casting: Sandblast (safe; 1% risk of failure)
Confirm with . or Enter, or press ? or * to list all spells.
You don't have enough magic to cast this spell.
Sigmund is nearby!
Unknown command.
Magic courses through your body.
Sigmund hits you from afar with a +0 scythe!
You die...

#### ##..... ####...#
#.†@.# .# ##@#### ..
.######..# ##.
.......B#######
..########........
####.)....<.$..#####.
.......^#..@.).#
...................
.....<.....#...####


You could see Sigmund (fast).

Vanquished Creatures
  Jessica (D:3)
  2 adders (D:2)
  2 worms (D:2)
  A dart slug (D:2)
  6 ball pythons
  3 bats
  5 endoplasms
  6 giant cockroaches
  5 goblins
  2 hobgoblins
  4 jackals (D:2)
  4 quokkas
  A frilled lizard (D:1)
  5 kobolds (D:1)
  4 rats (D:2)
51 creatures vanquished.

Notes
Turn   | Place    | Note
-------+----------+-------------------------------------------
     0 | D:1      | jasper the Gargoyle Earth Elementalist began the quest for
                  | the Orb.
     0 | D:1      | Reached XP level 1. HP: 10/10 MP: 3/3
   158 | D:1      | Reached skill level 4 in Earth Magic
   158 | D:1      | Reached XP level 2. HP: 15/15 MP: 3/5
   881 | D:1      | Reached XP level 3. HP: 19/19 MP: 4/6
   884 | D:1      | Learned a level 2 spell: Passwall
   888 | D:1      | Learned a level 3 spell: Stone Arrow
  1398 | D:2      | Identified the +2 whip of Kyexo {antimagic, rPois Dex+6}
  1496 | D:2      | Reached XP level 4. HP: 24/24 MP: 6/8
  2331 | D:3      | Noticed Jessica
  2332 | D:3      | Killed Jessica
  2332 | D:3      | Noticed Sigmund
  2333 | D:3      | Reached skill level 1 in Conjurations
  2333 | D:3      | Reached skill level 5 in Earth Magic
  2347 | D:3      | Slain by Sigmund

Illustrated notes

Levels and vault maps discovered:
D:1:      mushboom_english_gardens, layout_basic, hex_tiny, minmay_pentomino_u4
D:2:      layout_loops_corners
D:3:      layout_rooms, mainiacjoe_overflow_alcove_2, uniq_jessica, uniq_sigmund

Skill      XL: |  1  2  3  4 |
---------------+-------------+-----
Earth Magic    | 4 5 |  5.1
Spellcasting   | 3 |  3.3
Conjurations   | 1 |  1.2
Dodging        | |  1.5
Stealth        | |  2.1
Transmutations | |  0.7

Action                     |  1- 3 |  4- 6 || total
---------------------------+-------+-------++-------
  Melee: Unarmed           |     4 |       ||     4
   Cast: Sandblast         |    48 |    26 ||    74
    Use: Scroll            |     8 |     2 ||    10
         Potion            |       |     1 ||     1
 Armour: Robe              |     5 |     6 ||    11
  Dodge: Dodged            |    16 |    11 ||    27

Table legend: (Time is in decaauts)
 A = Elapsed time spent in this place.
 B = Non-inter-level travel time spent in this place.
 C = Inter-level travel time spent in this place.
 D = Time resting spent in this place.
 E = Time spent auto-exploring this place.
 F = Levels seen in this place.
 G = Mean time per level.
                   A        B        C        D        E       F      G
               +--------+--------+--------+--------+--------+-----+--------+
         Total |   2382 |   2303 |     79 |     39 |   1955 |   3 |  794.0 |
       Dungeon |   2382 |   2303 |     79 |     39 |   1955 |   3 |  794.0 |
               +--------+--------+--------+--------+--------+-----+--------+

Top non-repeatable levels by time:
     D:2: 1205 daAuts
     D:1: 1156 daAuts
     D:3: 20 daAuts
